 Dungeon Crawl Stone Soup version 0.27-a0-1301-g128193abf8 (webtiles) character file.

Game seed: 5642769892493977067

315 Sobieck the Distorting Demonspawn (level 6, -5/48 HPs)
             Began as a Demonspawn Abyssal Knight on June 17, 2021.
             Was a Believer of Lugonu.
             Slain by an iguana (7 damage)
             ... on level 4 of the Dungeon.
             The game lasted 00:07:23 (4864 turns).

Sobieck the Distorting Demonspawn (DsAK)            Turns: 4864, Time: 00:07:24

Health: -5/48      AC:  6    Str: 14    XL:     6   Next: 20%
Magic:  10/10      EV: 10    Int: 14    God:    Lugonu [**....]
Gold:   121        SH:  0    Dex: 12    Spells: 5/5 levels left

rFire    . . .     SeeInvis .   a - +1 hand axe {axe}
rCold    . . .     Faith    .   (no shield)
rNeg     . . .     Spirit   .   v - +0 ring mail
rPois    .         Reflect  .   (helmet restricted)
rElec    .         Harm     .   g - +0 cloak
rCorr    .         Rampage  .   (no gloves)
Will     .....                  (no boots)
Stlth    +.........             (no amulet)
HPRegen  0.16/turn              (no ring)
MPRegen  0.12/turn              (no ring)

@: no status effects
A: horns 1, demonic magic 1
a: Renounce Religion, Depart the Abyss, Bend Space


You were on level 4 of the Dungeon.
You worshipped Lugonu.
Lugonu was pleased with you.
You visited 1 branch of the dungeon, and saw 5 of its levels.
You visited the Abyss 1 time.

You collected 121 gold pieces.


Innate Abilities, Weirdness & Mutations

You have a pair of small horns on your head.
Spells you cast may paralyse adjacent enemies.


   Skills:
 - Level 4.0 Fighting
 + Level 4.0 Axes
 - Level 1.7 Armour
 - Level 0.8 Dodging
 + Level 5.8 Invocations


You had 5 spell levels left.
You didn't know any spells.
Your spell library contained the following spells:

 Spells                   Type           Power      Damage    Failure   Level
 Sandblast                Erth           0%         2d4       50%         1
 Passwall                 Tmut/Erth      0%         N/A       65%         2
 Stone Arrow              Conj/Erth      0%         3d7       86%         3
 Petrify                  Tmut/Erth      0%         N/A       99%         4
 Lee's Rapid Deconstruct  Erth           0%         3d5*      100%        5

Inventory:

Hand Weapons
 a - a +1 hand axe (weapon) {axe}
 b - a +0 hunting sling {sling}
   (You took it off a goblin on level 2 of the Dungeon)
 q - a +2 dagger of venom {short}
   (You took it off a goblin on level 2 of the Dungeon)
 s - a +2 dagger of venom {short}
   (You took it off a kobold on level 2 of the Dungeon)
 u - a +1 whip of freezing {mace}
   (You took it off a kobold on level 3 of the Dungeon)
Missiles
 f - 98 stones {throwing}
 h - 20 poisoned darts (quivered) {throwing}
 i - 43 sling bullets
 l - 29 bolts
Armour
 g - a +0 cloak (worn)
   (You found it on level 2 of the Dungeon)
 n - a +0 leather armour
 v - a +0 ring mail (worn)
   (You found it on level 3 of the Dungeon)
Magical Staves
 r - a staff of death {!astaff}
   (You found it on level 2 of the Dungeon)
Scrolls
 e - a scroll of enchant weapon {unknown}
 o - a scroll of vulnerability {unknown}
 p - a scroll of enchant armour {unknown}
 t - a scroll of holy word {unknown}
 w - a scroll of immolation {!r!r}
Potions
 c - a potion of brilliance
 d - a potion of might
 j - 2 potions of resistance {unknown}
 k - a potion of curing {@q1}
 m - 2 potions of heal wounds {unknown}

Dungeon Overview and Level Annotations

Branches:
Dungeon (5/15)
 Temple: D:4-7

Altars:

Shops:
D:3

[ #<.......
######.## .
#+####### #. .......
#. ..... #. ...
#.#+##l# #.#.##@#
#.#....#..
..####.#....#.#
.......'....#.#
.)##...#....#.# #+#
#........#.# #.#
#..##..###.# #.#
#........#.######.#
....##.##.#........#


You could see an iguana.


Message History

The gnoll hits you but does no damage.
You hit the gnoll. The gnoll hits you with a +0 spear.
* * * LOW HITPOINT WARNING * * *
😨 HP[-1]
You take 1 damage, and now have 23/48 hp.
You hit the gnoll. The gnoll barely misses you.
You barely miss the gnoll. The gnoll hits you with a +0 spear.
* * * LOW HITPOINT WARNING * * *
😨 HP[-3]
You take 3 damage, and now have 20/48 hp.
You closely miss the gnoll. The gnoll closely misses you.
You hit the gnoll. The gnoll hits you with a +0 spear.
* * * LOW HITPOINT WARNING * * *
The gnoll closely misses you. 😨 HP[-1]
You take 1 damage, and now have 19/48 hp.
You hit the gnoll.
You kill the gnoll!
Lugonu accepts your kill.
Things that are here:
a +0 spear {polearm}; a gnoll corpse
b - a +0 hunting sling (weapon)
{sling}
Things that are here:
a +0 whip {mace}; a hobgoblin skeleton; a gnoll skeleton
Things that are here:
a +0 spear {polearm}; a gnoll skeleton
f - 97 stones {throwing} (gained 1)
f - 98 stones {throwing} (gained 1) Done exploring. 😎 HP[+29]
Your hp is fully restored (48).
(D) Dungeon
Where to? (Enter - D:2, ? - help)
Things that are here:
a +0 spear {polearm}; a gnoll skeleton
Things that are here:
a +0 whip {mace}; a hobgoblin skeleton; a gnoll skeleton
Things that are here:
a +0 spear {polearm}; a gnoll skeleton
There is a stone staircase leading down, spattered with blood here.
You climb downwards.
There is a stone staircase leading up, spattered with blood here.
You see here a +0 hand axe {axe}.
You now have 121 gold pieces (gained 11).
An endoplasm comes into view.
The endoplasm quivers.
You shoot a stone {throwing}.
The stone {throwing} hits the endoplasm!
You kill the endoplasm!
Lugonu accepts your kill.
No target in view!
No target in view!
f - 98 stones {throwing} (gained 1)
Found a stone staircase leading down.
m - 2 brown potions (gained 1)
You open the door.
There is an open door here.
You open the door.
There is an open door here.
You open the door.
An iguana comes into view.
The iguana hisses angrily.
a - a +1 hand axe (weapon)
{axe} You hit the iguana but do no damage.
The iguana bites you. 😕 HP[-6]
You take 6 damage, and now have 42/48 hp.
You hit the iguana but do no damage. The iguana bites you. 😕 HP[-5]
You take 5 damage, and now have 37/48 hp.
You closely miss the iguana. The iguana bites you. 😮 HP[-2]
You take 2 damage, and now have 35/48 hp.
You are too injured to fight recklessly!
You are too injured to fight recklessly!
You are too injured to fight recklessly!
You hit the iguana.
You headbutt the iguana, but do no damage.
The iguana closely misses you. 😮 HP[+1]
You hit the iguana. The iguana bites you! x2
* * * LOW HITPOINT WARNING * * *
😨 HP[-22]
You take 22 damage, and now have 14/48 hp.
MASSIVE DAMAGE!! (PAUSE)
You hit the iguana but do no damage. You headbutt the iguana.
The iguana closely misses you.
Your ring mail prevents you from hitting the iguana.
The iguana bites you.
* * * LOW HITPOINT WARNING * * *
😨 HP[-1]
You take 1 damage, and now have 13/48 hp.
You closely miss the iguana. The iguana completely misses you.
Unknown command.
You hit the iguana. The iguana bites you!
* * * LOW HITPOINT WARNING * * *
😱 HP[-12]
You take 12 damage, and now have 1/48 hp.
MASSIVE DAMAGE!! (PAUSE)
You hit the iguana but do no damage. The iguana bites you!
You die...

Skill      XL: |  1  2  3  4  5  6 |
---------------+-------------------+-----
Axes           | 2 3 4 |  4.0
Invocations    | 3 4 5 |  5.8
Fighting       | 4 |  4.0
Armour         | |  1.7
Dodging        | |  0.8

Action                   |  1- 3 |  4- 6 || total
-------------------------+-------+-------++-------
Melee: Hand axe          |   100 |    97 ||   197
       Headbutt          |    10 |    12 ||    22
 Fire: Hunting sling     |    18 |    33 ||    51
Throw: Dart              |       |     2 ||     2
  Use: Scroll            |     5 |     1 ||     6
Armor: Leather armour    |    43 |    22 ||    65
       Ring mail         |       |     8 ||     8
Dodge: Dodged            |    57 |    46 ||   103

Levels and vault maps discovered:
D:1:      dpeg_arrival_radiant, layout_loops_ring,
          shapermc_ecumenical_altar_notcrosses, st_stairs_9,
          supply_closet_lemuel
D:2:      layout_basic, serial_aquarium, aquarium_bridge_square
          [aquarium_subvault_wall, aquarium_subvault_bridge,
          aquarium_subvault_bridge, aquarium_subvault_wall],
          aquarium_window_corridor_2, aquarium_window_1, aquarium_view_2g,
          aquarium_view_2d
D:3:      layout_basic, serial_shops, nicolae_shop_overgrown_old_shop,
          minmay_unequal
D:4:      layout_basic, nicolae_overflow_crystal_walls, chequers_mini_garden
D:5:      layout_loops_ring, overflow_temple_1_default,
          nicolae_dithmenos_shadow_blocks, serial_shops, shop,
          uniq_prince_ribbit1, uniq_edmund, uniq_sigmund

Notes
Turn   | Place    | Note
-------+----------+-------------------------------------------
     0 | Abyss:1  | Sobieck the Demonspawn Abyssal Knight began the quest for
                  | the Orb.
     0 | Abyss:1  | Reached XP level 1. HP: 18/18 MP: 2/2
     0 | Abyss:1  | magus.rc [v1.9.6]
    37 | D:1      | You pass through the gate.
    37 | D:1      | Escaped the Abyss
   357 | D:3      | Noticed a necrophage
   424 | D:1      | Found a faded altar of an unknown god.
   479 | D:1      | Reached skill level 2 in Axes
   598 | D:1      | You feel monstrous as your demonic heritage exerts itself.
   598 | D:1      | Gained mutation: You have a pair of small horns on your
                  | head. [demonic ancestry]
   598 | D:1      | Reached XP level 2. HP: 23/24 MP: 4/4
   611 | D:1      | Reached skill level 3 in Invocations
  1155 | D:1      | Reached XP level 3. HP: 23/29 MP: 5/5
  1156 | D:1      | Reached ** piety under Lugonu
  2235 | D:2      | Killed a necrophage
  2236 | D:2      | Reached skill level 4 in Fighting
  2236 | D:2      | Reached skill level 3 in Axes
  2236 | D:2      | Reached skill level 4 in Invocations
  2236 | D:2      | Gained mutation: Spells you cast may paralyse adjacent
                  | enemies. [demonic ancestry]
  2236 | D:2      | Reached XP level 4. HP: 19/37 MP: 5/7
  2478 | D:5      | Entered Level 5 of the Dungeon
  2615 | D:2      | Reached XP level 5. HP: 42/42 MP: 8/8
  3079 | D:4      | Noticed an ogre
  3088 | D:3      | HP: 7/42 [ogre (14)]
  3089 | D:3      | Killed an ogre
  3090 | D:3      | Reached skill level 5 in Invocations
  3609 | D:3      | Reached XP level 6. HP: 39/48 MP: 10/10
  3897 | D:3      | You pick up a book of Geomancy and begin reading...
  3897 | D:3      | You add the spells Sandblast, Passwall, Stone Arrow,
                  | Petrify and Lee's Rapid Deconstruction to your library.
  4030 | D:3      | Found Exkogaag's Antique Armour Shoppe.
  4336 | D:3      | Reached skill level 4 in Axes
  4863 | D:4      | HP: 1/48 [iguana (12)]
  4864 | D:4      | Slain by an iguana

Vanquished Creatures
  An ogre (D:3)
  A necrophage (D:2)
  An iguana (D:3)
  3 gnolls (D:3)
  3 adders
  A worm (D:3)
  A dart slug (D:1)
  An orc (D:3)
  3 bats
  5 endoplasms
  A giant cockroach (D:1)
  3 goblins (D:2)
  4 hobgoblins
  8 jackals
  3 quokkas
  10 ball pythons
  3 frilled lizards
  10 kobolds
  6 rats
68 creatures vanquished.

Vanquished Creatures (others)
  4 plants (D:3)
4 creatures vanquished.

Grand Total: 72 creatures vanquished

Table legend:
 A = Non-vault XP
 B = Vault XP
 C = Vault XP percentage of total XP
 D = Non-vault monster count
 E = Vault monster count
 F = Vault count percentage of total count
                 A         B        C        D         E       F
            +---------+---------+-------+---------+---------+-------
      Total |     440 |      11 |   2.4 |      61 |       7 |  10.3
            +---------+---------+-------+---------+---------+-------
        D:1 |      40 |       7 |  14.9 |      23 |       4 |  14.8
        D:2 |     137 |       0 |   0.0 |      17 |       0 |   0.0
        D:3 |     248 |       4 |   1.6 |      19 |       3 |  13.6
        D:4 |      15 |       0 |   0.0 |       2 |       0 |   0.0
            +---------+---------+-------+---------+---------+-------

Illustrated notes

Table legend:
 A = Kills in this place as a percentage of kills in entire the game.
 B = Kills by you in this place as a percentage of kills by you in the entire game.
 C = Kills by friends in this place as a percentage of kills by friends in the entire game.
 D = Other kills in this place as a percentage of other kills in the entire game.
 E = Experience gained in this place as a percentage of experience gained in the entire game.
 F = Experience gained in this place divided by the number of levels of this place that you have seen.
                   A       B       C       D       E      F
               +-------+-------+-------+-------+-------+----------------------
         Total | 100.0 | 100.0 |   N/A |   N/A | 100.0 |  75.2
       Dungeon | 100.0 | 100.0 |   N/A |   N/A | 100.0 |  90.2
               +-------+-------+-------+-------+-------+----------------------

Table legend: (Time is in decaauts)
 A = Elapsed time spent in this place.
 B = Non-inter-level travel time spent in this place.
 C = Inter-level travel time spent in this place.
 D = Time resting spent in this place.
 E = Time spent auto-exploring this place.
 F = Levels seen in this place.
 G = Mean time per level.
                   A        B        C        D        E       F      G
               +--------+--------+--------+--------+--------+-----+--------+
         Total |   4903 |   4594 |    309 |    904 |   3056 |   6 |  817.2 |
       Dungeon |   4866 |   4557 |    309 |    904 |   3056 |   5 |  973.2 |
         Abyss |     37 |     37 |      0 |      0 |      0 |   1 |   37.0 |
               +--------+--------+--------+--------+--------+-----+--------+

Top non-repeatable levels by time:
     D:3: 2160 daAuts
     D:1: 1492 daAuts
     D:2: 1057 daAuts
     D:4: 154 daAuts
 Abyss:1: 37 daAuts
     D:5: 1 daAuts
